 Dungeon Crawl Stone Soup version 0.30-a0-696-g2367cd04db (webtiles) character file.

Game seed: 6047488694742101875

682 flotson the Sneak (level 7, -5/59 HPs)
             Began as a Demonspawn Delver on Jan 21, 2023.
             Was an Initiate of Hepliaklqana.
             Killed by divine providence
             ... invoked by an orc priest
              (14 damage)
             ... on level 5 of the Dungeon.
             The game lasted 00:06:56 (3407 turns).

flotson the Sneak (Demonspawn Delver)               Turns: 3407, Time: 00:06:57

Health: -5/59      AC: 21    Str: 21    XL:     7   Next: 34%
Magic:  7/7        EV: 12    Int: 13    God:    Hepliaklqana [......]
Gold:   126        SH:  5    Dex: 14    Spells: 6/6 levels left

rFire   . . .      SeeInvis .    o - +0 halberd
rCold   . . .      Faith    .    (shield currently unavailable)
rNeg    . . .      Spirit   .    t - +1 ring mail "Vaxaw" {Int+2}
rPois   .          Reflect  +    (no helmet)
rElec   +          Harm     .    h - +2 cloak
rCorr   .          Rampage  .    (no gloves)
Will    .....                    (no boots)
Stlth   ++                       x - amulet of reflection
HPRegen 0.29/turn                s - +6 ring of strength
MPRegen 0.10/turn                (no ring)

@: sanguine armoured
A: foul stench 2, sanguine armour 3, robust 1, electricity resistance
a: Renounce Religion


You were on level 5 of the Dungeon.
You worshipped Hepliaklqana.
Hepliaklqana was noncommittal.
You visited 1 branch of the dungeon, and saw 5 of its levels.

You collected 126 gold pieces.

Inventory:

Hand Weapons
 a - a +0 hand axe
 l - a +0 trident
 o - a +0 halberd (weapon)
Armour
 h - a +2 cloak (worn)
 t - the +1 ring mail "Vaxaw" (worn) {Int+2}
   (You found it on level 2 of the Dungeon)

   Int:       It affects your intelligence (+2).
Jewellery
 s - a +6 ring of strength (left hand)
 v - a ring of see invisible
 x - an amulet of reflection (around neck)
Wands
 g - a wand of digging (3)
 m - a wand of flame (21)
Scrolls
 c - 3 scrolls of fog
 i - a scroll of immolation {unknown}
 j - 4 scrolls of identify {unknown}
 k - 2 scrolls of teleportation {unknown}
 n - a scroll of torment {unknown}
 p - a scroll of enchant weapon {unknown}
 q - 2 scrolls of amnesia {unknown}
 r - 2 scrolls of enchant armour {unknown}
 u - a scroll of acquirement {unknown}
 w - a scroll of silence {unknown}
Potions
 e - a potion of magic {unknown}
 f - 2 potions of mutation


   Skills:
 - Level 4.3 Fighting
 + Level 4.7 Axes
 - Level 2.4 Armour
 - Level 3.2 Dodging
 - Level 5.0 Stealth
 - Level 2.7 Evocations


You had 6 spell levels left.
You didn't know any spells.
Your spell library contained the following spells:

 Spells                   Type           Power      Damage    Failure   Level
 Sublimation of Blood     Necr           0%         N/A       58%         2
 Portal Projectile        Hex/Tloc       0%         N/A       83%         3
 Tukima's Dance           Hex            0%         N/A       83%         3
 Petrify                  Tmut/Erth      0%         N/A       99%         4
 Blade Hands              Tmut           0%         N/A       100%        5
 Irradiate                Conj/Tmut      0%         3d11      100%        5


Dungeon Overview and Level Annotations

Branches:
Dungeon (5/15)
 Temple: D:4-7

Altars:
Hepliaklqana
Trog
Uskayaw
Wu Jian

Shops:
D:2 (

Annotations:
D:4 Edmund


Innate Abilities, Weirdness & Mutations

You sometimes emit foul miasma when damaged in melee.
When seriously injured, your blood forms very thick armour. (AC +12)
You are robust. (+10% HP)
You are resistant to electric shocks. (rElec)


Message History

Your blood armour dries and flakes away.
Found 5 stones.
An orc wizard comes into view. It is wielding a +0 dagger.
An orc and 2 orc priests come into view.
An orc priest is wielding a +2 dagger of venom.
Found 12 gold pieces.
An orc priest comes into view. It is wielding a +0 morningstar.
An adder comes into view.
The orc priest shouts!
The orc wizard shouts!
The adder hisses angrily.
You closely miss the orc priest.
The orc priest calls down the wrath of Beogh upon you.
Beogh smites you!
The orc wizard gestures at you while chanting.
The puff of flame hits you.
Your blood congeals into armour.
The orc shouts!
The orc priest shouts!
The orc priest mumbles some strange prayers to Beogh against you.
Beogh smites you!
The orc wizard attacks as you move away!
You block the orc wizard's attack.
The orc wizard mumbles some strange words.
The orc wizard flickers and vanishes!
Deactivating autopickup; reactivate with Ctrl-A.
The orc priest begins to cast a cantrip, but forgets the words!
The orc priest looks encouraged for a moment.
The orc priest invokes the aid of Beogh against you.
Beogh smites you!
* * * LOW HITPOINT WARNING * * *
The orc priest jeers noisily.
The orc priest calls down the wrath of Beogh upon you.
Beogh smites you!
* * * LOW HITPOINT WARNING * * *
It was a potion of mutation.
You feel extremely strange.
You feel insulated.
You feel robust.
Unknown command.
Okay, then.
Unknown command.
It was a potion of curing.
You feel better.
The orc priest mumbles some strange prayers to Beogh against you.
Beogh smites you!
You die...

.#
####.###.#**********,***
.# #.....S..,,,,,,,* *,*
## #...(....******,* *,*
#######..S#*****
****,****,* ........o.#
*,,,,,,,,,* #######..##
*,**,****,*** # #..#
*,#*,,,,*,,,*
#..#########.###**,***,*
#...o.S.oo@....# *,* *,*
##..o#######.#.# *,* *,*
###.# *,#,* *,* *,* #.#
*,*,***,***,* #.#
*,*<*,,*,,,,* #.#
**,*,*,***,*** #.#
*,,,,,** **,,*
#.#*****,,*,*,***,*,*
*,,,,,,,,,,,,,,*,**,*


You could see 3 orc priests, an adder and an orc.

Vanquished Creatures
  Prince Ribbit (D:5)
  2 necrophages
  A scorpion (D:3)
  A hound (D:4)
  2 iguanas (D:5)
  Ijyb (D:5)
  7 gnolls (D:4)
  7 adders
  2 worms
  2 dart slugs
  3 orcs
  8 endoplasms
  5 giant cockroaches
  8 hobgoblins
  5 jackals
  5 quokkas
  6 ball pythons
  5 bats
  4 frilled lizards
  4 goblins
  3 kobolds
  8 rats
90 creatures vanquished.

Notes
Turn   | Place    | Note
-------+----------+-------------------------------------------
     0 | D:5      | flotson the Demonspawn Delver began the quest for the Orb.
     0 | D:5      | Reached XP level 1. HP: 18/18 MP: 1/1
    20 | D:5      | Noticed an iguana
    24 | D:5      | Noticed Prince Ribbit
   101 | D:4      | Noticed a hound
   118 | D:3      | Found a bloodstained altar of Trog.
   142 | D:3      | Found a hide-covered altar of Uskayaw.
   172 | D:3      | Gained mutation: You may rarely emit foul miasma when
                  | damaged in melee. [demonic ancestry]
   172 | D:3      | Reached XP level 2. HP: 5/24 MP: 2/2
   254 | D:3      | Noticed a necrophage
   484 | D:2      | Gained mutation: When seriously injured, your blood forms
                  | armour. (AC +12) [demonic ancestry]
   484 | D:2      | Reached XP level 3. HP: 25/29 MP: 3/3
   629 | D:1      | Reached skill level 1 in Evocations
   966 | D:1      | Reached skill level 1 in Armour
  1188 | D:2      | Found a faded altar of an unknown god.
  1192 | D:2      | Gained mutation: You sometimes emit foul miasma when
                  | damaged in melee. [demonic ancestry]
  1192 | D:2      | Reached XP level 4. HP: 35/35 MP: 4/4
  1418 | D:2      | Identified the +1 ring mail "Vaxaw" {Int+2}
  1601 | D:2      | Found Jys Lick's Antique Weapon Shop.
  1782 | D:3      | Reached skill level 5 in Stealth
  1876 | D:3      | Found an ornate altar of the Wu Jian Council.
  1985 | D:3      | Killed a necrophage
  1986 | D:3      | Gained mutation: When seriously injured, your blood forms
                  | thick armour. (AC +12) [demonic ancestry]
  1986 | D:3      | Reached XP level 5. HP: 40/42 MP: 5/5
  2255 | D:4      | Gained mutation: When seriously injured, your blood forms
                  | very thick armour. (AC +12) [demonic ancestry]
  2255 | D:4      | Reached XP level 6. HP: 32/48 MP: 6/6
  2568 | D:4      | Noticed Edmund
  2691 | D:4      | Found a hazy altar of Hepliaklqana.
  2697 | D:4      | Became a worshipper of Hepliaklqana the Forgotten
  3088 | D:5      | Noticed Ijyb
  3227 | D:5      | Killed Ijyb
  3307 | D:5      | Killed Prince Ribbit
  3308 | D:5      | Reached XP level 7. HP: 32/54 MP: 7/7
  3406 | D:5      | Gained mutation: You are resistant to electric shocks.
                  | (rElec) [potion of mutation]
  3406 | D:5      | Gained mutation: You are robust. (+10% HP) [potion of
                  | mutation]
  3407 | D:5      | Killed from afar by an orc priest

Illustrated notes

Levels and vault maps discovered:
D:1:      lordsloth_arrival_two_stooges, layout_basic, kennysheep_another_room,
          nrook_uturn
D:2:      layout_rooms, basic_ecumenical_altar, serial_shops,
          nicolae_shop_behind_doors, minmay_close_crescents
D:3:      layout_basic, overflow_temple_1_default,
          mainiacjoe_overflow_large_starburst, serial_forest,
          infiniplex_forest_lined_2, infiniplex_forest_straight_3,
          infiniplex_forest_lined_room_2, infiniplex_forest_straight_2,
          infiniplex_forest_fountain, infiniplex_forest_straight_2
D:4:      layout_loops_ring, mainiacjoe_overflow_alcove_4, portal_sewer_entry_a,
          uniq_edmund
D:5:      layout_loops_ring, yredelemnul_forgotten_temple_becter, uniq_ijyb,
          uniq_prince_ribbit1

Skill      XL: |  1  2  3  4  5  6 |
---------------+-------------------+-----
Axes           | 2 4 |  4.7
Dodging        | 2 3 |  3.2
Evocations     | 1 2 |  2.7
Armour         | 1 2 |  2.4
Stealth        | 5 |  5.0
Fighting       | 4 |  4.3

Action                   |  1- 3 |  4- 6 |  7- 9 || total
-------------------------+-------+-------+-------++-------
Melee: Hand axe          |    51 |       |       ||    51
       Trident           |    18 |       |       ||    18
       Halberd           |    75 |   162 |     1 ||   238
  Use: Scroll            |     2 |       |       ||     2
       Potion            |     1 |       |     2 ||     3
 Stab: Sleeping          |     7 |     4 |       ||    11
Armor: Ring mail         |    85 |    78 |       ||   163
       Leather armour    |     3 |       |       ||     3
Dodge: Dodged            |   109 |   109 |       ||   218
Block: Other             |       |       |     1 ||     1

Table legend: (Time is in decaauts)
 A = Elapsed time spent in this place.
 B = Non-inter-level travel time spent in this place.
 C = Inter-level travel time spent in this place.
 D = Time resting spent in this place.
 E = Time spent auto-exploring this place.
 F = Levels seen in this place.
 G = Mean time per level.
                   A        B        C        D        E       F      G
               +--------+--------+--------+--------+--------+-----+--------+
         Total |   3509 |   3315 |    194 |    135 |   2256 |   5 |  701.8 |
       Dungeon |   3509 |   3315 |    194 |    135 |   2256 |   5 |  701.8 |
               +--------+--------+--------+--------+--------+-----+--------+

Top non-repeatable levels by time:
     D:4: 935 daAuts
     D:3: 868 daAuts
     D:2: 699 daAuts
     D:1: 637 daAuts
     D:5: 367 daAuts
